[Event "*** SCC Grand Prix: Titled Tuesday Blitz"]
[Site "Chess.com"]
[Date "2020.07.07"]
[Round "6"]
[White "ErikRonka"]
[Black "GjakanTati"]
[Result "0-1"]
[WhiteElo "2388"]
[BlackElo "2576"]
[TimeControl "180+1"]
[EndTime "11:07:41 PDT"]
[Termination "GjakanTati won on time"]

1. e4 c6 2. Nf3 d5 3. d3 dxe4 4. dxe4 Qxd1+ 5. Kxd1 Nf6 6. Nfd2 g6 7. f3 Bg7 8. c3 O-O 9. Kc2 Nfd7 10. Nb3 Ne5 11. Be3 f5 12. N1d2 Nbd7 13. Nc5 Nf6 14. Nc4 Nf7 15.
exf5 gxf5 16. Bd4 Nd5 17. Bxg7 Kxg7 18. Nd3 Kf6 19. Re1 f4 20. g3 Bf5 21. Kc1 Ng5 22.
Nce5 Rad8 23. gxf4 Nh3 24. Nc5 Nf2 25. Rg1 Nxf4 26. Ng4+ Bxg4 27. fxg4 b6 28. Ne4+ Nxe4 29. Rxe4 e5 30. h4 Rd6 31. Kc2 Rfd8 32. g5+ Kf5 33. Re3 Rd2+ 34. Kc1 Rd1+ 35. Kc2 R8d2+ 36. Kb3 a5 37. a4 Ke6 38. h5 Nxh5 39. Bh3+ Kd6 40. Rxd1 Rxd1 41. Bg4 Rh1 42. Rd3+ Kc5 43. Rd7 Nf4 44. Rc7 Kd6 45. Rxc6+ Kxc6 46. Bf3+ Kc5 47.
Bxh1 Ne6 48. g6 hxg6 49. Kc2 Nf4 50. Bf3 g5 51. b3 Nd5 52. Kd3 Nf6 53. Be2 Kd5 54. Ke3 Ke6 55. Bc4+ Kf5 56. Bd3+ Kg4 57. b4 Kh3 58. bxa5 bxa5 59. c4 g4 60. c5 g3 61. c6 g2 62. Bf5+ Kh2 63. c7 Nd5+ 64. Kf2 Nxc7 0-1

[Event "*** SCC Grand Prix: Titled Tuesday Blitz"]
[Site "Chess.com"]
[Date "2020.07.07"]
[Round "6"]
[White "Love_craft"]
[Black "Cxrjs"]
[Result "1/2-1/2"]
[WhiteElo "2420"]
[BlackElo "2291"]
[TimeControl "180+1"]
[EndTime "11:07:41 PDT"]
[Termination "Game drawn - insufficient material"]

1. Nf3 Nf6 2. g3 g6 3. Bg2 Bg7 4. O-O O-O 5. d3 d6 6. Nbd2 Nc6 7. e4 e5 8. c3 Nh5 9. b4 a6 10. h3 Qe8 11. Re1 f5 12. d4 f4 13. g4 Nf6 14. d5 Ne7 15. Ng5 h5 16. f3 hxg4 17. hxg4 Bh6 18. Ne6 Bxe6 19. dxe6 Bg5 20. Bf1 Kg7 21.
Re2 Rh8 22. Rg2 Qg8 23. Qe2 Bh4 24. Rh2 Bg3 25. Rh3 Rxh3 26. Bxh3 Nh7 27. Nf1 Ng5 28. Bg2 Bh4 29. Qc4 Qh7 30. Qxc7 Kf6 31. Qxd6 Rh8 32. Bxf4 exf4 33. Qxf4+ Kxe6 34. e5 Qf7 35. Qc4+ Nd5 36. f4 Qd7 37. f5+ gxf5 38. gxf5+ Kxf5 39. Qxd5 Qxd5 40. Bxd5 Kxe5 41. Bxb7 Nh3+ 42. Kg2 Nf4+ 43. Kf3 Rf8 44. Ke3 Nd5+ 45. Bxd5 Kxd5 46. Kd3 Rf3+ 47. Kc2 Rf2+ 48. Kb3 Ke4 49. Rd1 Kf3 50. Rc1 Ke2 51. c4 Rxf1 52. Rxf1 Kxf1 53. a4 Ke2 54. c5 Kd3 55. b5 axb5 56. axb5 Kd4 57. c6 Bd8 58. Kb4 Kd5 59. Ka4 Kc5 60. c7 Bxc7 61.
b6 Bxb6 1/2-1/2

[Event "*** SCC Grand Prix: Titled Tuesday Blitz"]
[Site "Chess.com"]
[Date "2020.07.07"]
[Round "6"]
[White "floplover"]
[Black "m_ezat"]
[Result "1/2-1/2"]
[WhiteElo "2316"]
[BlackElo "2534"]
[TimeControl "180+1"]
[EndTime "11:07:44 PDT"]
[Termination "Game drawn by repetition"]

1. d4 Nf6 2. c4 g6 3. Nc3 Bg7 4. e4 d6 5. Nf3 O-O 6. Be2 e5 7.
O-O Nc6 8. d5 Ne7 9. b4 c6 10. Nd2 a5 11. bxa5 Qxa5 12. Qc2 c5 13. a4 Qd8 14. Nb3 Nd7 15. a5 f5 16. Bd3 Nf6 17. Na4 f4 18. Nb6 Rb8 19. Be2 g5 20.
Bd2 g4 21. Nxc8 Rxc8 22. f3 h5 23. a6 bxa6 24. Rxa6 Ng6 25. Na5 Rf7 26. Nc6 Qf8 27. Rfa1 Bh6 28. Ra7 gxf3 29. Bxf3 Nh4 30. Rxf7 Qxf7 31.
Ra7 Rc7 32. Ra8+ Kh7 33. Be1 Bg5 34. Qb2 Rb7 35. Qxb7 Qxb7 36. Ra7 Qxa7 37. Nxa7 Ng6 38. Nb5 Ne8 39. Bxh5 Kh6 40. Bxg6 Kxg6 41. Ba5 Be7 42. Bc7 Kf7 43. Kf2 Nf6 44. Kf3 Ne8 45. g3 fxg3 46. Kxg3 Kg6 47. Kg4 Nf6+ 48. Kf3 Ne8 49. h3 Kh5 50.
Bb8 Kh4 51. Kg2 Kg5 52. Kg3 Nf6 53. h4+ Kh5 54. Kf3 Ne8 55. Nc7 Nxc7 56. Bxc7 Kxh4 57. Bb8 Kh3 58. Bc7 Bf8 59. Bb8 Be7 60. Ke2 Kg3 61.
Kd3 Kf3 62. Bc7 Kf4 63. Bb8 Kf3 64. Bc7 Kf2 65. Bb8 Ke1 66. Bc7 Kd1 67. Ba5 Kc1 68. Bc7 Kb2 69. Ba5 Kb3 70. Be1 Ka4 71.
Bf2 Kb3 72. Be1 Ka4 73. Bf2 Kb3 74. Be1 1/2-1/2

[Event "*** SCC Grand Prix: Titled Tuesday Blitz"]
[Site "Chess.com"]
[Date "2020.07.07"]
[Round "6"]
[White "harlem4brew"]
[Black "HouseOfDurin"]
[Result "0-1"]
[WhiteElo "2101"]
[BlackElo "2032"]
[TimeControl "180+1"]
[EndTime "11:07:46 PDT"]
[Termination "HouseOfDurin won by checkmate"]

1. e4 c5 2. Nf3 Nc6 3. Bb5 g6 4. d4 cxd4 5. Nxd4 Bg7 6. Be3 a6 7.
Ba4 Nf6 8. Nc3 O-O 9. O-O b5 10. Bb3 Bb7 11. f3 d6 12. Nd5 Rb8 13. c3 Nxd5 14.
exd5 Na5 15. Qd2 Nxb3 16. Nxb3 Qd7 17. Na5 Ba8 18. Bd4 Bxd4+ 19. Qxd4 Qc7 20. Rfe1 Qxa5 21. Rxe7 Qb6 22. Rd1 Qxd4+ 23. Rxd4 Rfe8 24. Rd7 Rbd8 25. Ra7 Re2 26. Rxa6 Rxb2 27. h4 h5 28. Kh2 Bb7 29. Rb6 Rd7 30. c4 b4 31. Re4 Kg7 32. Re8 Rc2 33.
Rxb4 Rxa2 34. Rb8 Ra7 35. Kg3 Kf6 36. Kf4 Ba6 37. R8b6 Ke7 38. Ke3 Rdc7 39. Kd4 Rcb7 40. Rxb7+ Rxb7 41. Ra4 Ra7 42. c5 dxc5+ 43. Kxc5 Kd7 44.
Kb6 Ra8 45. Rf4 Ke7 46. Re4+ Kd6 47. Rf4 Bf1 48. Rxf7 Kxd5 49. g3 Bd3 50. Rf4 Rb8+ 51. Kc7 Re8 52. Kd7 Re3 53. Rf6 Ke5 54. Re6+ Kd4 55.
Rd6+ Kc3 56. Rf6 Kd2 57. Kd6 Ke2 58. f4 Bf5 59. Kc5 Kf3 60. Kd4 Re4+ 61. Kd5 Kxg3 62. Rf7 Kxf4 63. Rg7 Kg4 64. Rc7 Kxh4 65. Rc1 Kg5 66.
Rg1+ Kf6 67. Rf1 h4 68. Rh1 h3 69. Rh2 Kg5 70. Rh1 Re2 71. Rg1+ Kh5 72. Kd4 h2 73. Rh1 Be4 74. Ra1 h1=Q 75. Ra5+ Kh4 76. Ra4 Qd1+ 77. Ke5 Qxa4 78. Kf4 g5+ 79. Ke5 Bf3+ 80. Kf6 Qf4+ 81. Kg7 Qd6 82. Kh7 Re7+ 83. Kg8 Qd8# 0-1

[Event "*** SCC Grand Prix: Titled Tuesday Blitz"]
[Site "Chess.com"]
[Date "2020.07.07"]
[Round "6"]
[White "MomchilPetkov"]
[Black "GGfrances"]
[Result "1/2-1/2"]
[WhiteElo "2543"]
[BlackElo "2347"]
[TimeControl "180+1"]
[EndTime "11:07:48 PDT"]
[Termination "Game drawn by repetition"]

1. e4 c5 2. Nf3 g6 3. c4 Nc6 4. d4 cxd4 5. Nxd4 Bg7 6. Be3 Nf6 7.
Nc3 Ng4 8. Qxg4 Nxd4 9. Qd1 Ne6 10. Be2 O-O 11. O-O b6 12. Rc1 Bb7 13. f3 f5 14.
exf5 Rxf5 15. Qd2 Rc8 16. Nd5 Nc7 17. Nxc7 Qxc7 18. Rfd1 Bc6 19. Bd4 Rh5 20. f4 Rf5 21. Bxg7 Kxg7 22. Qd4+ Kg8 23. Rf1 Rcf8 24. g3 e5 25.
fxe5 Qxe5 26. Qxe5 Rxe5 27. Rxf8+ Kxf8 28. Kf2 Kf7 29. Rc3 Ra5 30. a3 Rf5+ 31. Ke3 Re5+ 32. Kf2 Rf5+ 33. Ke1 Kf6 34. Re3 Re5 35. Rd3 d5 36.
cxd5 Bb5 37. Rf3+ Ke7 38. Rf2 Rxe2+ 39. Rxe2+ Bxe2 40. Kxe2 Kd6 41. Ke3 Kxd5 42. b3 Ke5 43. a4 g5 44. h3 a6 45. Kd3 Kd5 46. Ke3 Ke5 47. Kd3 h5 48. Ke3 a5 49. Kd3 Kd5 50.
Ke3 Kc5 51. Kd3 g4 52. hxg4 hxg4 53. Kc3 Kd5 54. b4 Ke4 55. bxa5 bxa5 56. Kc4 Kf3 57. Kb5 Kxg3 58. Kxa5 Kf2 59. Kb6 g3 60. a5 g2 61. Kb7 g1=Q 62. a6 Qb1+ 63. Ka8 Qb6 64. a7 Qc6+ 65. Kb8 Qd6+ 66. Kb7 Qd7+ 67. Kb8 Qd8+ 68.
Kb7 Qd5+ 69. Kb8 Qb5+ 70. Kc7 Qa6 71. Kb8 Qb6+ 72. Ka8 Qa6 73. Kb8 Qb6+ 74. Ka8 1/2-1/2

[Event "*** SCC Grand Prix: Titled Tuesday Blitz"]
[Site "Chess.com"]
[Date "2020.07.07"]
[Round "6"]
[White "Sankalp_Gupta2003"]
[Black "Volodar_Murzin"]
[Result "0-1"]
[WhiteElo "2820"]
[BlackElo "2688"]
[TimeControl "180+1"]
[EndTime "11:07:49 PDT"]
[Termination "Volodar_Murzin won by resignation"]

1. e4 c6 2. Nf3 d5 3. Nc3 Bg4 4. Be2 Bxf3 5. Bxf3 Nf6 6. O-O e6 7.
d4 dxe4 8. Nxe4 Nxe4 9. Bxe4 Nd7 10. c4 Nf6 11. Bc2 Bd6 12. b3 O-O 13. Qd3 Qa5 14. h3 Rad8 15. Bb2 Rfe8 16. Rfe1 Ba3 17. Bxa3 Qxa3 18. Qc3 a5 19. Rad1 Qb4 20. Qg3 Rxd4 21. Rxd4 Qxe1+ 22. Kh2 Qa1 23. Rd2 e5 24. Qe3 e4 25.
Qd4 Qxd4 26. Rxd4 Kf8 27. Kg3 e3 28. fxe3 Rxe3+ 29. Kf2 Re5 30. a3 Ke7 31. g3 g6 32.
Rd2 Nd7 33. b4 axb4 34. axb4 f5 35. c5 Nf6 36. Kf3 Nd5 37. Rd4 Re3+ 38. Kf2 Rc3 39. Bd1 Ke6 40. Bf3 Ke5 41. Rh4 h5 42. Ke2 Re3+ 43.
Kf2 Rb3 44. Bxd5 cxd5 45. Ke2 Rxg3 46. b5 Rb3 47. c6 bxc6 48. bxc6 Rc3 49. Rb4 Rxc6 50.
Kd3 Rd6 51. h4 Rc6 52. Rb2 Rc4 53. Rg2 Rg4 54. Re2+ Kf6 55. Rh2 Re4 56. Rh1 g5 57. hxg5+ Kxg5 58. Rg1+ Rg4 59. Rh1 h4 60. Ke3 d4+ 61.
Kd3 Rg2 62. Kxd4 Kg4 63. Ke3 h3 64. Ra1 f4+ 65. Kd3 h2 66. Rh1 Kg3 67. Ke4 Rg1 0-1

[Event "*** SCC Grand Prix: Titled Tuesday Blitz"]
[Site "Chess.com"]
[Date "2020.07.07"]
[Round "6"]
[White "thedjoker98"]
[Black "GM4life"]
[Result "1/2-1/2"]
[WhiteElo "2509"]
[BlackElo "2362"]
[TimeControl "180+1"]
[EndTime "11:07:49 PDT"]
[Termination "Game drawn by stalemate"]

1. d4 Nf6 2. c4 e6 3. Nc3 Bb4 4. g3 O-O 5. Bg2 d5 6. Nf3 c5 7. dxc5 Na6 8. O-O Nxc5 9. cxd5 exd5 10. Bg5 Bxc3 11. bxc3 Nce4 12. Qd4 Nxg5 13. Nxg5 h6 14. Nh3 Re8 15. Nf4 Be6 16. Rab1 Qd7 17. Rfd1 Bf5 18. Rb2 Be4 19. c4 Bxg2 20. Kxg2 Re4 21. Qd3 Rxc4 22. Qxc4 dxc4 23. Rxd7 Nxd7 24. Rxb7 Nb6 25. Rc7 Rc8 26. Rxa7 c3 27. Nd3 c2 28. Nc1 Nd5 29. a4 Rb8 30. Rd7 Rb1 31. Rd8+ Kh7 32. Rxd5 Rxc1 33. Rc5 Kg6 34. a5 Kf6 35. a6 Ra1 36. Rc6+ Ke7 37.
Rxc2 Rxa6 38. g4 Ra4 39. Kf3 g6 40. h3 Kf6 41. Rc6+ Kg7 42. e3 h5 43. Kg3 hxg4 44.
hxg4 g5 45. Rd6 Rb4 46. Rd4 Rb1 47. Kf3 Kg6 48. Rd6+ f6 49. Rd5 Ra1 50. Ke4 Ra4+ 51. Rd4 Ra5 52. Kf3 Ra1 53. Kg2 Kh6 54. Rd3 Kg6 55.
f4 gxf4 56. exf4 Ra4 57. Kf3 Rb4 58. Kg3 Ra4 59. Rf3 Rb4 60. Kh4 Rb1 61. f5+ Kh6 62. Rh3 Rb4 63. Rh2 Ra4 64. Kg3+ Kg7 65. Rb2 Ra3+ 66.
Kh4 Ra7 67. Rb8 Ra1 68. Rb7+ Kh6 69. Rf7 Ra6 70. Kg3 Ra3+ 71. Kf4 Ra4+ 72. Kf3 Ra3+ 73. Ke4 Ra4+ 74. Kd5 Rxg4 75. Rxf6+ Kg5 76. Ke5 Re4+ 77. Kxe4 Kxf6 78. Kf4 Kf7 79. Ke5 Ke7 80. f6+ Kf7 81. Kf5 Kf8 82. Ke6 Ke8 83. f7+ Kf8 84. Kf6 1/2-1/2

[Event "*** SCC Grand Prix: Titled Tuesday Blitz"]
[Site "Chess.com"]
[Date "2020.07.07"]
[Round "6"]
[White "Witik"]
[Black "szachuspl"]
[Result "0-1"]
[WhiteElo "2641"]
[BlackElo "2505"]
[TimeControl "180+1"]
[EndTime "11:07:51 PDT"]
[Termination "szachuspl won on time"]

1. d4 Nf6 2. c4 g6 3. Nc3 Bg7 4.
e4 d6 5. f4 O-O 6. Nf3 c5 7. dxc5 Qa5 8. Bd3 Qxc5 9. Qe2 Bg4 10. Be3 Qa5 11. O-O Nc6 12. Rac1 a6 13. Qf2 Bxf3 14. gxf3 Nd7 15. h4 Qh5 16. Kg2 Rac8 17. Ne2 e5 18. f5 gxf5 19. Ng3 Qxh4 20. Rh1 Qf6 21. Nxf5 Ne7 22. Qg3 Ng6 23. Rcg1 Rfe8 24. Kf1 Ndf8 25. c5 Rxc5 26. Bxc5 dxc5 27. Bc4 Rd8 28. Bd5 Rxd5 29. exd5 Qxf5 30. Qg4 Qd3+ 31.
Kf2 Qxd5 32. Rd1 Qxa2 33. Rd8 Qxb2+ 34. Kg3 Qb4 35. Qxb4 cxb4 36. Rb1 a5 37. Ra8 Bf6 38. Rxa5 Be7 39. Rb5 Ne6 40. Rxb7 Nd4 41. Kg2 Kg7 42.
Rd1 b3 43. Kf2 Bg5 44. Kg2 Nf4+ 45. Kg3 Nfe2+ 46. Kg2 Nc3 47. Rd3 Nd5 48. Kg3 Bf4+ 49. Kg2 Ne3+ 50. Kf2 Nef5 51. Kg2 h5 52. Kh3 Kg6 53.
Rb6+ f6 54. Rb5 Ne7 55. Rb7 Nd5 56. Rd7 Nb6 57. Rb7 Nc4 58. Kg2 b2 59. Rc3 Ne3+ 60.
Kh3 Nd1 61. Rcc7 Nf2+ 62. Kg2 Nd3 63. Rg7+ Kf5 64. Rh7 Bg5 65. Rhd7 Kf4 0-1

[Event "*** SCC Grand Prix: Titled Tuesday Blitz"]
[Site "Chess.com"]
[Date "2020.07.07"]
[Round "6"]
[White "Quattroporte300"]
[Black "TioCridineno"]
[Result "0-1"]
[WhiteElo "2281"]
[BlackElo "2125"]
[TimeControl "180+1"]
[EndTime "11:07:53 PDT"]
[Termination "TioCridineno won by resignation"]

1. e4 c5 2. Nf3 d6 3. d4 cxd4 4. Nxd4 Nf6 5. Nc3 a6 6. h3 e5 7. Nde2 h5 8. Bg5 Be7 9. Bxf6 Bxf6 10. Nd5 Be6 11. Nec3 Nd7 12. Be2 g6 13. Nxf6+ Nxf6 14. Qd3 Qc7 15. Rd1 Rd8 16. O-O O-O 17. Bf3 b5 18. a3 Kg7 19. Rfe1 Rd7 20. Rd2 Rfd8 21. Nd5 Bxd5 22. exd5 Qc5 23. c3 Re7 24. Qe3 Rc8 25.
Qxc5 Rxc5 26. Red1 Rec7 27. g3 a5 28. h4 Rb7 29.
Ra1 b4 30. axb4 axb4 31. cxb4 Rxb4 32. Ra6 e4 33. Be2 Rxd5 34. Rxd5 Nxd5 35. Rxd6 Nf6 36.
Rd2 Kf8 37. Bd1 Ke7 38. b3 Ke6 39. Rc2 Kd6 40. Rc8 Kd7 41. Rc3 Kd6 42. Kf1 Kd5 43.
Ke2 Ke5 44. Rc7 Ke6 45. Bc2 Nd5 46. Rc4 f5 47. Rc6+ Kf7 48. Rd6 Nf6 49. Ra6 Ng4 50.
Ra4 Rb6 51. b4 Kf6 52. Bb3 Ke5 53. Bc4 Kd4 54. b5 Kc3 55. Bf7 Ne5 56. Bd5 Nd3 57.
Ra5 Kb4 58. Ra6 Rxb5 59. Rxg6 Rxd5 60. Rg5 Kc4 61. Rxh5 Kd4 62. Rg5 Rc5 63. h5 Rc2+ 64.
Kf1 Rxf2+ 65. Kg1 Rc2 66. h6 Rc6 67. Rh5 Rc8 68. h7 Rh8 69. Rxf5 Rxh7 70. g4 Ke3 71. g5 Rg7 72. Kg2 Nf4+ 73. Kg3 Ne6 74. Kg4 Rxg5+ 0-1

[Event "*** SCC Grand Prix: Titled Tuesday Blitz"]
[Site "Chess.com"]
[Date "2020.07.07"]
[Round "6"]
[White "boasovietica"]
[Black "Kildepiotr"]
[Result "0-1"]
[WhiteElo "2456"]
[BlackElo "2611"]
[TimeControl "180+1"]
[EndTime "11:07:58 PDT"]
[Termination "Kildepiotr won on time"]

1. e4 g6 2. d4 Bg7 3. Ne2 c6 4. Be3 d6 5. c4 Nd7 6. Nbc3 e5 7. f3 Bh6 8. Qd2 Bxe3 9. Qxe3 h5 10. O-O-O Ngf6 11. d5 c5 12. g3 h4 13. Bh3 Nb6 14. Bxc8 Qxc8 15. b3 Qd7 16. f4 Qe7 17. Kb1 O-O-O 18. Rhf1 hxg3 19. hxg3 Nbd7 20. Qf3 Rh2 21. Nc1 Rdh8 22.
Nd3 exf4 23. Qxf4 R8h7 24. Rde1 Nh5 25. Qg4 Kb8 26. Rh1 Rxh1 27. Rxh1 Nhf6 28. Qf3 Rxh1+ 29.
Qxh1 a6 30. Qf3 Ne5 31. Nxe5 Qxe5 32. Kc2 Kc7 33. Qf4 Nd7 34. Qxe5 Nxe5 35. Kd2 Kd7 36. Ke3 Ke7 37. Nd1 Kf6 38. Nf2 Kg5 39. Ke2 Nd7 40.
Kf3 Kf6 41. Ng4+ Ke7 42. Kf4 f6 43. Nf2 b5 44. Nd3 bxc4 45. bxc4 Nb6 46. Nb2 Kf7 47.
g4 Kg7 48. g5 Kf7 49. a3 Kg7 50. Kg4 Nd7 51. Nd3 Kf7 52. Kf4 Kg7 53. Kg4 Nb6 54. Nb2 fxg5 55. Kxg5 Kf7 56. Kg4 Kf6 57. Kf3 Ke5 58. Ke3 g5 59. Nd3+ Kf6 60. Nb2 Nd7 61. Nd3 Ne5 62. Nb2 Kg6 63. Kf2 Kh5 64. Kg3 g4 65. Nd1 Nxc4 66. Nf2 Ne5 67. Nd1 Kg5 68. Ne3 c4 69. Nf5 c3 70. Nxd6 c2 0-1

[Event "*** SCC Grand Prix: Titled Tuesday Blitz"]
[Site "Chess.com"]
[Date "2020.07.07"]
[Round "6"]
[White "Jumbo"]
[Black "ehrenfeld"]
[Result "1/2-1/2"]
[WhiteElo "2870"]
[BlackElo "2526"]
[TimeControl "180+1"]
[EndTime "11:08:00 PDT"]
[Termination "Game drawn - insufficient material"]

1. e4 e5 2. Nf3 Nc6 3. Bb5 a6 4. Ba4 Nf6 5. O-O Be7 6. Re1 b5 7. Bb3 d6 8. a4 Bd7 9. d3 O-O 10.
Bd2 b4 11. a5 Rb8 12. Bc4 Qc8 13. h3 Be6 14. c3 Bxc4 15. dxc4 Nd7 16. cxb4 Nxb4 17.
Re3 c5 18. Nc3 Nc6 19. Nd5 Bd8 20. Bc3 Qb7 21. Nd2 Nf6 22. Rd3 Nd4 23. Nxf6+ Bxf6 24. Qg4 Qc8 25. Kf1 g6 26. g3 Bg7 27. Qxc8 Rfxc8 28. h4 Bh6 29. Rd1 Bxd2 30. R1xd2 Rb7 31. f4 f6 32. Kg2 Kf7 33. Kh3 Ke6 34. Rf2 h5 35. Re3 Rcb8 36. g4 hxg4+ 37. Kxg4 Rh7 38. fxe5 dxe5 39. Rh3 f5+ 40. Kg3 Rbh8 41. Rfh2 Rh5 42. Rf2 f4+ 43. Kg4 g5 44. Rfh2 Rxh4+ 45. Rxh4 gxh4 46. Rxh4 Rxh4+ 47. Kxh4 Ne2 48. Bd2 Ng3 49. b4 cxb4 50. Bxb4 Nxe4 51. Kg4 Nd6 52. c5 Nb5 53. c6 Kd5 54. Kf5 Kxc6 55. Kxe5 f3 56. Be1 Na3 57. Ke4 Nc4 58. Kxf3 Kb5 59. Ke4 Nxa5 60.
Kd3 Nc4 61. Kc2 Ka4 62. Kb1 a5 63. Bh4 Kb3 64. Bf6 a4 65. Kc1 a3 66. Kb1 a2+ 67. Kc1 Na3 68. Bh8 Nc2 69. Bg7 a1=Q+ 70. Bxa1 1/2-1/2

[Event "*** SCC Grand Prix: Titled Tuesday Blitz"]
[Site "Chess.com"]
[Date "2020.07.07"]
[Round "6"]
[White "Korchmar_Vasiliy"]
[Black "Maghalashvili"]
[Result "1/2-1/2"]
[WhiteElo "2630"]
[BlackElo "2761"]
[TimeControl "180+1"]
[EndTime "11:08:01 PDT"]
[Termination "Game drawn - insufficient material"]

1. d4 d5 2. c4 e6 3. Nf3 Nf6 4. g3 Be7 5. Bg2 O-O 6. O-O dxc4 7. Ne5 Nc6 8. Bxc6 bxc6 9. Nxc6 Qe8 10. Nxe7+ Qxe7 11. Qc2 e5 12. dxe5 Qxe5 13. Bf4 Qh5 14. Nc3 g5 15.
Bxc7 Ng4 16. h4 gxh4 17. Qe4 Bf5 18. Qf3 Rae8 19. Rad1 hxg3 20. Bxg3 Nf6 21. Qxh5 Nxh5 22. Bd6 Re6 23. Bxf8 Kxf8 24. Rd5 Rg6+ 25. Kh2 Rh6 26. Kg1 Rg6+ 27. Kh2 Rh6 28. Rxf5 Ng7+ 29. Kg3 Nxf5+ 30. Kf4 Nd6 31. Ke5 Re6+ 32. Kd5 Kg7 33. Rg1+ Kf6 34. Rh1 Kg6 35. e3 h5 36. Ne2 Kg5 37. Rxh5+ Kxh5 38. Nf4+ Kg4 39. Nxe6 Nc8 40. Nd4 Nb6+ 41. Kc5 Na4+ 42. Kxc4 Nxb2+ 43. Kb5 Nd3 44. f3+ Kg3 45. a4 Kf2 46. a5 Kxe3 47. Nc6 Kxf3 48. Nxa7 f5 49. Nc6 Nf4 50. a6 Nd5 51. a7 f4 52. Kc5 Nc7 53.
Kb6 Na8+ 54. Kb7 Ke4 55. Kxa8 f3 56. Kb7 f2 57. a8=Q f1=Q 58. Qe8+ Kf3 59. Qf7+ Kg2 60. Qg6+ Kf2 61. Qf5+ Kg1 62. Qg4+ Qg2 63. Qd4+ Qf2 64. Qd1+ Qf1 65. Qg4+ Qg2 66. Qb4 Qf3 67. Kb6 Qf2+ 68. Nd4 Kg2 69. Kc5 Qf8+ 70. Kc4 Qxb4+ 71. Kxb4 1/2-1/2

[Event "*** SCC Grand Prix: Titled Tuesday Blitz"]
[Site "Chess.com"]
[Date "2020.07.07"]
[Round "6"]
[White "kuban1991"]
[Black "PaulfromSPb"]
[Result "0-1"]
[WhiteElo "2743"]
[BlackElo "2610"]
[TimeControl "180+1"]
[EndTime "11:08:01 PDT"]
[Termination "PaulfromSPb won on time"]

1. e4 c5 2. Nc3 Nc6 3. Nge2 d6 4.
d3 Nf6 5. h3 g6 6. g4 Bg7 7.
Bg2 Rb8 8. O-O b5 9. f4 b4 10. Nb1 Nd7 11. Nd2 a5 12. a3 Qc7 13. axb4 axb4 14.
Nc4 Nb6 15. Ne3 Nd4 16. f5 Bd7 17. Nf4 Bc6 18. Bd2 O-O 19. h4 Ra8 20. Rxa8 Bxa8 21.
c3 bxc3 22. bxc3 Nb5 23. Qb3 Bc6 24. Rb1 Be5 25. Rf1 Kg7 26. h5 g5 27. h6+ Kh8 28.
Nfd5 Nxd5 29. Nxd5 Qd7 30. Bxg5 Bxd5 31. Qxd5 Nxc3 32. Qc4 Ne2+ 33. Kf2 Nd4 34. Be3 e6 35. Kg1 Rg8 36. g5 Qe7 37. f6 Qa7 38. Bf3 Qa3 39.
Bh5 Qa7 40. Kg2 Qb7 41. Kh3 Nc6 42. Qa2 Nb4 43. Rb1 Qd7 44. Qe2 Nc6 45. Qc2 Bd4 46. Bf4 e5+ 47. Bg4 Qc7 48. Bd2 Qa7 49. Qc4 Nb4 50. Bh5 Rf8 51. Kh4 Qa3 52. Qb3 Qa6 53. Bxb4 cxb4 54. Bxf7 Be3 55. g6 hxg6 56. Kg4 Bf4 57.
h7 Qa7 58. Rf1 Qe3 59. Rf3 Qg1+ 60. Kh4 Qh2+ 61. Rh3 Qg2 0-1

[Event "*** SCC Grand Prix: Titled Tuesday Blitz"]
[Site "Chess.com"]
[Date "2020.07.07"]
[Round "6"]
[White "sertalzin"]
[Black "PauloCesarCosta_sad"]
[Result "1-0"]
[WhiteElo "2031"]
[BlackElo "2201"]
[TimeControl "180+1"]
[EndTime "11:08:02 PDT"]
[Termination "sertalzin won by checkmate"]

1. d4 d5 2. c4 c6 3. Nf3 e6 4. Qc2 Nf6 5. g3 Nbd7 6. Bg2 Bd6 7. O-O O-O 8. Nbd2 b6 9. e4 dxe4 10. Nxe4 Nxe4 11. Qxe4 Bb7 12. Ne5 Nxe5 13. dxe5 Bc5 14.
Be3 Bxe3 15. Qxe3 Qc7 16. c5 Rad8 17. Rfd1 h6 18. b4 Rxd1+ 19. Rxd1 Rd8 20. Rd6 bxc5 21. bxc5 Rc8 22. Qd2 Ba8 23. Rd7 Qxe5 24. Rd8+ Rxd8 25. Qxd8+ Kh7 26. Qxa8 Qxc5 27. Qxc6 Qa3 28. Qc2+ g6 29.
h4 h5 30. Kh2 a5 31. Qb3 Qc5 32. Qf3 Kg7 33. a3 Qe5 34. Qe3 Qb2 35. a4 Qb4 36. Bc6 Qb2 37. Qf3 Qb4 38. Be8 Qf8 39. Bb5 Qb4 40. Be8 Qe7 41. Qc3+ Kg8 42. Bb5 Qd8 43.
Qc6 Qe7 44. Qe8+ Qxe8 45. Bxe8 Kf8 46. Bb5 Ke7 47. f4 f6 48. Kg2 e5 49. Kf3 exf4 50. gxf4 Ke6 51. Ke4 g5 52. fxg5 fxg5 53. hxg5 h4 54.
Kf4 h3 55. Kg4 h2 56. Bc6 Kf7 57. Bh1 Kg6 58. Kf4 Kf7 59. Kf5 Kg7 60. g6 Kf8 61.
Kf6 Kg8 62. g7 Kh7 63. Kf7 Kh6 64. g8=Q Kh5 65. Kf6 Kh4 66. Kf5 Kh3 67. Kf4 Kh4 68. Qg4# 1-0

[Event "*** SCC Grand Prix: Titled Tuesday Blitz"]
[Site "Chess.com"]
[Date "2020.07.07"]
[Round "6"]
[White "vesalhamedinia"]
[Black "XiaoKangZhong"]
[Result "1/2-1/2"]
[WhiteElo "2221"]
[BlackElo "2395"]
[TimeControl "180+1"]
[EndTime "11:08:09 PDT"]
[Termination "Game drawn by stalemate"]

1. d4 Nf6 2. c4 g6 3. Nc3 d5 4. Bf4 Bg7 5. e3 O-O 6. cxd5 Nxd5 7. Nxd5 Qxd5 8. Bxc7 Nc6 9. Nf3 Bg4 10. Be2 Rac8 11. Bg3 Qa5+ 12. Nd2 Bxe2 13. Qxe2 Bxd4 14. O-O Bg7 15.
Nb3 Qb6 16. Rac1 Nb4 17. a3 Nd5 18. Qd3 e6 19. Nd4 Qxb2 20. Rb1 Qc3 21. Qe4 Bxd4 22. exd4 Qc6 23. Be5 f6 24. Bg3 Rf7 25. Rfe1 Nc3 26. Qxc6 Rxc6 27. Rb3 Ne2+ 28. Kf1 Nxg3+ 29. hxg3 Rd7 30.
Re4 Kf7 31. Ke2 Rdc7 32. Ree3 Rc4 33. Red3 Rd7 34. Ke3 Ra4 35. f4 Ra5 36. g4 h5 37.
gxh5 Rxh5 38. g3 Rh2 39. Kf3 a6 40. Rbc3 Rh5 41. Rc8 Rhd5 42. Ke3 Rd8 43. Rc7+ R5d7 44. Rc4 b5 45. Rc6 Rd6 46. Rc7+ R8d7 47. Rc8 g5 48. fxg5 fxg5 49. Ke4 Kg7 50. Re8 a5 51. Rb8 Rd5 52. Rb6 Kf6 53. Rf3+ Ke7 54. Rd3 Rf5 55. Ra6 b4 56. axb4 axb4 57. Rb6 Kf6 58. Rxb4 g4 59. Rb6 Rdd5 60. Rb8 Rd7 61. Rf8+ Rf7 62. Rxf7+ Kxf7 63. d5 Kf6 64. dxe6 Re5+ 65. Kf4 Rxe6 66. Kxg4 Re4+ 67.
Kf3 Re6 68. Rd4 Kg6 69. Rf4 Rd6 70. g4 Re6 71. Rf5 Ra6 72. Rf4 Ra5 73. Ke4 Ra4+ 74. Kf3 Rxf4+ 75. Kxf4 Kf6 76. g5+ Kg6 77. Kg4 Kg7 78. Kf5 Kf7 79. g6+ Kg7 80. Kg5 Kg8 81. Kf6 Kf8 82. g7+ Kg8 83. Kg6 1/2-1/2

[Event "*** SCC Grand Prix: Titled Tuesday Blitz"]
[Site "Chess.com"]
[Date "2020.07.07"]
[Round "6"]
[White "Zurability"]
[Black "Bodnar_Mykola"]
[Result "1/2-1/2"]
[WhiteElo "2595"]
[BlackElo "2455"]
[TimeControl "180+1"]
[EndTime "11:08:10 PDT"]
[Termination "Game drawn - insufficient material"]

1. Nf3 Nf6 2. g3 b6 3. Bg2 Bb7 4. O-O e6 5. c4 Be7 6. b3 O-O 7.
Bb2 d5 8. e3 c5 9. Nc3 dxc4 10.
bxc4 Nc6 11. Qe2 a6 12. Rad1 Qc7 13. Ne1 Na7 14. a4 Rab8 15. f4 Bc6 16. g4 b5 17.
cxb5 axb5 18. g5 Nd7 19. axb5 Nxb5 20. Ba1 Bxg2 21. Nxg2 Nxc3 22. Bxc3 Nb6 23. Qg4 Nd5 24. Ba1 Rb6 25. f5 exf5 26. Rxf5 Nb4 27. Rdf1 Bd6 28. Qh4 Ra6 29. Bc3 Na2 30. Bf6 Bxh2+ 31. Qxh2 Qxh2+ 32. Kxh2 gxf6 33. gxf6 Kh8 34. Rxc5 Nb4 35. Rg5 Rg8 36.
Rxg8+ Kxg8 37. e4 Nd3 38. Ne3 Kf8 39. Nd5 Ra2 40. Kg3 Rxd2 41. Rh1 Ne5 42. Rxh7 Rd3+ 43. Kg2 Rd2+ 44. Kf1 Ke8 45. Rh5 Ng6 46. Rh3 Kd7 47.
Ra3 Ke6 48. Ra6+ Ke5 49. Nc3 Rc2 50. Ne2 Kxe4 51. Ra7 Ne5 52. Ra3 Rb2 53. Ra4+ Kd5 54. Ra3 Ke6 55. Ra6+ Kf5 56. Nd4+ Ke4 57. Ne2 Rb1+ 58.
Kg2 Rb2 59. Kf1 Nf3 60. Ng3+ Kf4 61. Nh5+ Kg4 62. Ng7 Kg3 63. Nf5+ Kf4 64. Nd6 Rb1+ 65. Kf2 Rb2+ 66. Kf1 Nd2+ 67. Ke1 Ke3 68. Kd1 Rb1+ 69.
Kc2 Rf1 70. Nxf7 Ne4 71. Ra3+ Kd4 72. Ra4+ Kd5 73. Ra5+ Nc5 74. Nd8 Rxf6 75. Nb7 Rf2+ 76. Kc1 Kc6 77. Rxc5+ Kb6 78. Rc2 Rxc2+ 79. Kxc2 1/2-1/2

[Event "*** SCC Grand Prix: Titled Tuesday Blitz"]
[Site "Chess.com"]
[Date "2020.07.07"]
[Round "6"]
[White "Onischuk_V"]
[Black "FabianoCaruana"]
[Result "1/2-1/2"]
[WhiteElo "2897"]
[BlackElo "2984"]
[TimeControl "180+1"]
[EndTime "11:08:11 PDT"]
[Termination "Game drawn - insufficient material"]

1. e4 e5 2. Nf3 Nf6 3. Nxe5 d6 4. Nf3 Nxe4 5. Qe2 Qe7 6. d3 Nf6 7. Bg5 Qxe2+ 8. Bxe2 Be7 9. Nc3 Nc6 10. O-O-O O-O 11. h3 h6 12. Bd2 Be6 13. g4 Nd5 14. Rhg1 Nxc3 15. Bxc3 a5 16. a4 Nb4 17. Kb1 c5 18. g5 h5 19. g6 Nd5 20. Bd2 fxg6 21. Rxg6 Bxh3 22. Rdg1 Bg4 23. d4 Bf6 24. R6xg4 hxg4 25.
Bc4 gxf3 26. Bxd5+ Rf7 27. Rg3 Bxd4 28. Rxf3 Rf8 29.
Bxa5 g6 30. Bd2 Kg7 31. Rxf7+ Rxf7 32. Bxf7 Kxf7 33. f3 Ke6 34. c3 Bg1 35. Kc2 c4 36. Kd1 d5 37. Kc2 Ke5 38. b4 Ba7 39. Kd1 d4 40.
cxd4+ Kxd4 41. Kc2 Kd5 42. Bc3 Bb8 43. b5 Bd6 44.
Be1 Bc7 45. Bf2 Ba5 46. Be3 Bc7 47. Bd2 Bd6 48. a5 Kc5 49. a6 bxa6 50. bxa6 Kb6 51. Kc3 Kxa6 52. Kxc4 Kb7 53. Kd5 Bh2 54. Ke6 Kc6 55.
Kf7 Kd5 56. Kxg6 Kd4 57. Kf5 Bc7 58. Bf4 Bd8 59. Be5+ Ke3 60. f4 Kf3 61. Ke6 Ke4 62. f5 Bh4 63. Bf6 Be1 64. Be5 Bh4 65. Bb2 Bd8 66.
Bc1 Bh4 67. Bh6 Bd8 68. Bg7 Bh4 69. Bf6 Be1 70. Bg5 Bc3 71. Bh4 Bd4 72. Bg3 Bc3 73. Bf2 Bb2 74. Bc5 Bc3 75. Be7 Bd4 76. Bf6 Bf2 77.
Bc3 Bh4 78. Ba5 Bg5 79. Bb4 Bh4 80. Be7 Bxe7 81. Kxe7 Kxf5 1/2-1/2